Map: Ulrena

Players

Frostalgia

  • Race: Terran Terran
  • League: Platinum

LilDicky - Winner!

  • Race: Terran Terran
  • League: Diamond

VOD

http://www.twitch.tv/tumescentpie

Description

Time

  • Played on: Nov. 24, 2015, 1:10 p.m.
  • Length: 11:24
Show
View Real Time Build Order
Export as new Build Order

Frostalgia Terran 

Build Orders: MMM Bio 

Get SALT Encoding   

  12  0:02  SCV  
  14  0:14  SCV  
  14  0:26  SCV  
  15  0:31  Supply Depot  
  15  0:53  SCV  
  16  0:57  Barracks  
  16  1:05  SCV  
  17  1:11  Refinery  
  17  1:17  SCV  
  18  1:29  SCV  
  19  1:35  Command Center  
  19  1:47  Marine  
  20  1:51  Orbital Command  
  20  2:02  Refinery  
  20  2:03  Supply Depot  
  20  2:13  Marine  
  21  2:17  SCV  
  22  2:29  Factory  
  21  2:30  Marine  
  22  2:48  Marine  
  23  2:56  SCV  
  24  3:05  Orbital Command  
  24  3:06  Marine  
  24  3:08  SCV  
  26  3:18  Widow Mine  
  28  3:24  Starport, Marine  
  29  3:31  SCV  
  30  3:42  Marine  
  31  3:50  Widow Mine  
  31  3:55  Orbital Command  
  33  4:21  Barracks Tech Lab  
  33  4:23  Barracks x2  
  33  4:24  Engineering Bay  
  33  4:26  SCV x2  
  36  4:49  Stimpack  
  36  4:56  Widow Mine, Medivac  
  36  5:06  Missile Turret  
  36  5:11  SCV x2  
  38  5:20  Missile Turret  
  26  5:52  Marine x3  
  26  5:54  Factory Tech Lab  
  26  5:55  Starport Reactor  
  29  6:00  Terran Infantry Weapons Level 1  
  29  6:01  SCV x2  
  29  6:10  Supply Depot, Marine  
  30  6:14  Siege Tank  
  30  6:15  Orbital Command  
  31  6:26  Marine x2  
  31  6:28  Marine  
  34  6:44  Marine x2  
  34  6:46  Marine  
  24  6:56  Siege Tank  
  24  6:59  Medivac x2  
  29  7:02  Marine  
  29  7:03  Marine  
  23  7:49  Marine x2  
  23  7:50  Widow Mine  
  27  8:09  Barracks Reactor x2  
  27  8:13  Liberator  
  27  8:15  Barracks Tech Lab  
  26  8:24  Orbital Command  
  25  8:29  Viking  
  25  8:31  Widow Mine  
  25  8:33  Marine  
  33  8:34  Combat Shields  
  28  9:11  Widow Mine  
  28  9:13  Orbital Command  
  30  9:20  Marine  
  30  9:21  Marine x4  
  31  9:42  SCV x2  
  31  9:44  Marine x5  
  38  10:00  Factory Tech Lab  
  38  10:04  Marine  
  38  10:39  Orbital Command  
  38  10:49  Viking  
  38  11:02  Marine  
  38  11:03  Marine x2  
Show
View Real Time Build Order
Export as new Build Order

LilDicky Terran - Winner!

Build Orders: Banshee Rush 

Get SALT Encoding   

  12  0:01  SCV  
  13  0:13  SCV  
  14  0:18  Supply Depot  
  14  0:25  SCV  
  15  0:30  Refinery  
  15  0:39  SCV  
  16  0:47  Barracks  
  16  0:51  SCV  
  17  1:03  SCV  
  18  1:15  SCV  
  19  1:28  SCV  
  20  1:33  Reaper  
  21  1:42  Orbital Command  
  21  1:46  Supply Depot  
  21  1:47  Refinery  
  21  1:58  Factory  
  21  2:05  Marine  
  21  2:07  SCV  
  23  2:17  Supply Depot  
  23  2:20  SCV  
  24  2:42  SCV  
  25  2:44  Factory Tech Lab  
  25  2:45  Starport, Marine  
  26  2:55  SCV  
  27  3:03  Supply Depot  
  27  3:07  SCV  
  28  3:19  SCV  
  29  3:29  Cloaking Field  
  29  3:30  Banshee  
  29  3:31  Command Center, SCV  
  29  3:32  Marine  
  29  3:33  Factory Tech Lab  
  34  3:47  SCV  
  35  3:51  Marine  
  35  3:52  Siege Tank  
  35  3:54  Supply Depot  
  39  4:09  Marine  
  39  4:15  Medivac  
  42  4:17  SCV  
  42  4:21  Supply Depot  
  42  4:23  Engineering Bay  
  42  4:27  Marine  
  43  4:44  SCV  
  44  4:55  Banshee  
  44  4:59  Marine  
  45  5:05  SCV  
  46  5:08  Orbital Command  
  46  5:15  Missile Turret  
  46  5:17  SCV  
  47  5:21  Siege Tank  
  50  5:29  SCV  
  51  5:38  Banshee  
  53  5:47  SCV  
  49  5:57  Siege Tank  
  52  6:11  Marine  
  52  6:29  Siege Tank  
  55  6:49  Command Center  
  55  6:52  Barracks  
  55  6:53  Terran Infantry Weapons Level 1, Barracks x4  
  55  6:56  Marine  
  55  6:57  Armory, Engineering Bay  
  56  7:14  Marine  
  54  7:34  Banshee  
  57  7:39  Terran Infantry Armor Level 1  
  57  7:41  Starport  
  57  7:44  Refinery  
  57  7:46  SCV x2  
  57  7:47  Refinery  
  59  8:12  Siege Tank  
  57  8:30  Starport Reactor  
  57  8:33  Barracks Reactor  
  57  8:34  Barracks Reactor, Barracks Tech Lab x2  
  57  8:37  Banshee  
  57  8:40  Orbital Command  
  60  8:41  Barracks Reactor  
  60  8:43  Refinery x2  
  60  8:52  Siege Tank, Marine  
  60  8:54  Command Center  
  64  8:57  Stimpack  
  61  9:19  Viking x2  
  65  9:43  Marine  
  65  9:44  Combat Shields, Marine x3  
  69  9:45  Marine  
  69  9:46  Command Center  
  69  9:49  Marine x2  
  72  9:55  Barracks Tech Lab  
  72  9:56  Viking  
  74  10:10  Viking  
  74  10:11  Viking  
  76  10:22  Orbital Command  
  76  10:26  Viking  
  76  10:27  Missile Turret  
  78  10:31  Marine x3  
  78  10:32  Marine x5  
  86  10:39  SCV  
  86  10:40  SCV  
Tags
 
Add a new tag
Caveats
  • Supply blocks, unpowered buildings, or Contaminate may cause inaccurate times.
  • Supply counts are checked every 10 seconds.